 Dungeon Crawl Stone Soup version 0.27.0-1-g7a089689b8 (webtiles) character file.

Game seed: 8481467458492148138

3688 bnorton916 the Destroyer (level 9, 0/45 HPs)
             Began as a Deep Elf Conjurer on Aug 16, 2021.
             Was a Follower of Vehumet.
             Slain by a yak (16 damage)
             ... on level 7 of the Dungeon.
             The game lasted 00:12:48 (8288 turns).

bnorton916 the Destroyer (Deep Elf Conjurer)        Turns: 8288, Time: 00:12:49

Health: 0/45       AC:  4    Str:  4    XL:     9   Next: 90%
Magic:  4/23       EV: 12    Int: 27    God:    Vehumet [*.....]
Gold:   318        SH:  0    Dex: 13    Spells: 13/24 levels left

rFire    . . .     SeeInvis .   i - staff of conjuration
rCold    . . .     Faith    .   (no shield)
rNeg     . . .     Spirit   .   a - +0 robe
rPois    .         Reflect  .   c - +0 helmet
rElec    .         Harm     .   (no cloak)
rCorr    .         Rampage  .   (no gloves)
Will     .....                  p - +0 pair of boots
Stlth    ++........             (no amulet)
HPRegen  0.15/turn              (no ring)
MPRegen  0.18/turn              (no ring)

@: no status effects
A: no striking features
a: Renounce Religion


You were on level 7 of the Dungeon.
You worshipped Vehumet.
Vehumet was aware of your devotion.
You visited 2 branches of the dungeon, and saw 8 of its levels.

You collected 318 gold pieces.

Inventory:

Hand Weapons
 e - a +2 dagger of electrocution
 s - a +0 short sword of freezing
Armour
 a - a +0 robe (worn)
 c - a +0 helmet (worn)
 p - a +0 pair of boots (worn)
Magical Staves
 i - a staff of conjuration (weapon)
 n - a staff of cold
 t - a staff of fire
Jewellery
 w - a +4 ring of slaying
Wands
 r - a wand of polymorph (16)
 v - a wand of iceblast (4)
Scrolls
 h - a scroll of brand weapon
 j - a scroll of blinking
 k - a scroll of immolation {unknown}
 m - a scroll of holy word {unknown}
 o - a scroll of amnesia {unknown}
 y - a scroll of identify {unknown}
Potions
 b - 2 potions of curing
 d - a potion of degeneration {unknown}
 f - a potion of resistance {unknown}
 g - a potion of flight {unknown}
 l - 2 potions of heal wounds
 q - a potion of brilliance {unknown}
 u - a potion of magic {unknown}
 x - a potion of lignification {unknown}


   Skills:
 - Level 2.4 Dodging
 - Level 2.4 Stealth
 - Level 8.2 Spellcasting
 + Level 12.9 Conjurations
 - Level 5.2 Hexes
 - Level 4.3 Translocations


You had 13 spell levels left.
You knew the following spells:

 Your Spells              Type           Power      Damage    Failure   Level
a - Magic Dart            Conj           100%       1d8       1%          1
b - Searing Ray           Conj           100%       3d7       1%          2
c - Fulminant Prism       Conj/Hex       37%        3d18      1%          4
d - Iskenderun's Mystic   Conj/Tloc      72%        2d15      1%          4

Your spell library contained the following spells:

 Spells                   Type           Power      Damage    Failure   Level
 Shock                    Conj/Air       100%       1d9       1%          1
 Corona                   Hex            43%        N/A       1%          1
 Dazzling Flash           Conj/Hex       100%       N/A       1%          3
 Tukima's Dance           Hex            39%        N/A       1%          3
 Ensorcelled Hibernation  Hex/Ice        50%        N/A       2%          2
 Summon Guardian Golem    Hex/Summ       25%        N/A       5%          3
 Orb of Destruction       Conj           44%        9d14      22%         7
 Silence                  Hex/Air        12%        N/A       43%         5
 Agony                    Necr           11%        N/A       82%         5
 Spellforged Servitor     Conj/Summ      31%        N/A       97%         7


Dungeon Overview and Level Annotations

Branches:
Dungeon (7/15)             Temple (1/1) D:5

Altars:
Cheibriados
Dithmenos
Elyvilon
Gozag
Kikubaaqudgha
Makhleb
Nemelex Xobeh
Qazlal
Ru
Sif Muna
Trog
Vehumet
Xom
Yredelemnul
Zin

Shops:
D:4 (   D:5 :[

Annotations:
D:6 2 transporters, 0gre's ghost, novice DsBe


Message History

The bullfrog is knocked back by the mystic blast.
The bullfrog collides with the yak!
You kill the bullfrog!
Vehumet accepts your kill.
Unknown command.
Unknown command.
Casting: Iskenderun's Mystic Blast (dangerous; 1% risk of failure)
Confirm with . or Enter, or press ? or * to list all spells.
Aiming: Searing Ray (safe; 1% risk of failure)
Press: ? - help, Shift-Dir - straight line, f - yak
Aim: a yak (heavily wounded, 90% to hit)
You feel a surge of power!
The searing ray hits the yak!
You kill the yak!
Vehumet accepts your kill.
The searing ray hits the yak.
The yak is severely wounded. (Press . to maintain the ray.)
The searing ray hits the yak!
The yak is almost dead.
The searing ray hits the yak!
You kill the yak!
Vehumet accepts your kill.
Unknown command.
Casting: Searing Ray (safe; 1% risk of failure)
Confirm with . or Enter, or press ? or * to list all spells.
Aiming: Searing Ray (safe; 1% risk of failure)
Press: ? - help, Shift-Dir - straight line, f - yak
Aim: a yak (90% to hit)
You feel a surge of power!
The searing ray hits the yak!
The yak is moderately wounded. (Press . to maintain the ray.) Unknown command.
The searing ray misses the yak.
The yak completely misses you.
The searing ray hits the yak!
The yak is heavily wounded.
The yak completely misses you.
The searing ray hits the yak!
The yak is almost dead.
You finish channeling your searing ray.
The yak gores you!
You die...

#.........######..#
#.##..............#
##....#.#####.####.#
..
#.......##..........
...
#.....####..........
# #.#
#.....####..........
#. #.#
#....)#.............
. #.#
#.^Y..#.............
#.#.#
#..@..#....#########
#.#.#####
#.....#....#
#.......#
#.....#....##
######.###.#
#.....####..#
.........#.# #.....#
###.###
#.##..#....###.....#
#.....#
#.##.........#######
###)###
#.##.##..#####
#.....# #.##.....#
###.###


You could see a yak.

Vanquished Creatures
  Pikel (D:6)
  7 yaks
  A steam dragon (D:6)
  An acid dragon (D:5)
  Duvessa (D:6)
  2 orc warriors
  3 ice beasts
  2 sky beasts
  A black bear (D:5)
  2 necrophages
  An ogre (D:4)
  3 lemures (D:6)
  3 bullfrogs
  A scorpion (D:6)
  Dowan (D:6)
  A water moccasin skeleton (D:6)
  A bullfrog zombie (D:6)
  A howler monkey (D:6)
  2 jellies
  An orc priest (D:7)
  A gnoll shaman (D:6)
  A hound (D:6)
  3 bullfrog skeletons
  An iguana (D:5)
  A centaur skeleton (D:6)
  2 orc wizards (D:4)
  A hound zombie (D:3)
  7 adders
  A shadow imp (D:5)
  An ufetubus (D:5)
  2 adder zombies (D:3)
  A worm (D:5)
  2 dart slugs
  13 orcs
  4 ball pythons
  5 endoplasms (D:1)
  5 giant cockroaches
  6 goblins
  3 hobgoblins
  9 kobolds
  5 quokkas
  6 bats
  3 frilled lizards
  4 rats
  A spectral hobgoblin (D:2)
124 creatures vanquished.

Vanquished Creatures (others)
  6 fulminant prisms
6 creatures vanquished.

Grand Total: 130 creatures vanquished

Notes
Turn   | Place    | Note
-------+----------+-------------------------------------------
     0 | D:1      | bnorton916 the Deep Elf Conjurer began the quest for the
                  | Orb.
     0 | D:1      | Reached XP level 1. HP: 10/10 MP: 6/6
   154 | D:1      | Reached XP level 2. HP: 15/15 MP: 3/8
   157 | D:1      | Learned a level 2 spell: Searing Ray
   791 | D:1      | Reached skill level 5 in Conjurations
   791 | D:1      | Reached XP level 3. HP: 19/19 MP: 7/10
  1828 | D:2      | Found a faded altar of an unknown god.
  1924 | D:3      | Reached XP level 4. HP: 24/24 MP: 8/12
  2061 | D:3      | Reached skill level 5 in Spellcasting
  2259 | D:3      | Found a basalt altar of Yredelemnul.
  2399 | D:3      | Noticed a necrophage
  2403 | D:3      | Killed a necrophage
  2404 | D:3      | Reached skill level 6 in Conjurations
  2404 | D:3      | Reached XP level 5. HP: 27/28 MP: 8/15
  2409 | D:3      | Learned a level 4 spell: Fulminant Prism
  2418 | D:3      | Learned a level 4 spell: Iskenderun's Mystic Blast
  2912 | D:4      | Noticed an ogre
  2915 | D:4      | Killed an ogre
  2916 | D:4      | Reached skill level 1 in Hexes
  2916 | D:4      | Reached skill level 1 in Translocations
  2916 | D:4      | Reached XP level 6. HP: 32/32 MP: 12/17
  3039 | D:4      | Found Xoamysu's Weapon Shoppe.
  3711 | D:5      | Entered Level 5 of the Dungeon
  3713 | D:5      | Found Tome's Antique Armour Emporium.
  3805 | D:5      | Noticed a yak
  3805 | D:5      | Noticed a yak
  3807 | D:5      | Noticed a yak
  3809 | D:5      | Noticed a yak
  3810 | D:5      | Noticed a yak
  3818 | D:5      | Killed a yak
  3819 | D:5      | Reached XP level 7. HP: 22/36 MP: 10/19
  4130 | D:5      | Killed a yak
  4131 | D:5      | Reached skill level 7 in Conjurations
  4133 | D:5      | Killed a yak
  4140 | D:4      | Killed a yak
  4442 | D:5      | Killed a yak
  4443 | D:5      | Reached XP level 8. HP: 41/41 MP: 15/21
  4500 | D:5      | Found a staircase to the Ecumenical Temple.
  4527 | Temple   | Entered the Ecumenical Temple
  4645 | Temple   | Became a worshipper of Vehumet
  4971 | D:5      | Reached skill level 5 in Hexes
  5479 | D:5      | Found Tunecux's Book Emporium.
  5485 | D:5      | Reached skill level 8 in Conjurations
  6179 | D:6      | Reached skill level 9 in Conjurations
  6230 | D:6      | Found a transporter.
  6230 | D:6      | Noticed 0gre's ghost (novice DsBe)
  6230 | D:6      | Noticed a boulder beetle
  6488 | D:6      | Reached skill level 10 in Conjurations
  6537 | D:6      | Found a transporter.
  6546 | D:6      | Noticed Duvessa
  6547 | D:6      | Noticed Dowan
  6557 | D:6      | Reached XP level 9. HP: 45/45 MP: 18/23
  6559 | D:6      | Killed Dowan
  6560 | D:6      | Killed Duvessa
  7040 | D:6      | Reached skill level 11 in Conjurations
  7338 | D:6      | Noticed Pikel
  7346 | D:6      | Killed Pikel
  7347 | D:6      | Reached skill level 12 in Conjurations
  7549 | D:6      | Reached * piety under Vehumet
  7549 | D:6      | Offered knowledge of Shock by Vehumet.
  8288 | D:7      | Slain by a yak

Illustrated notes

Levels and vault maps discovered:
D:1:      saegor_arrival_simple_b, layout_loops_ring
D:2:      layout_rooms, dreamdust_ecumenical_altar_drowned_temple,
          mrwooster_statue_mirror
D:3:      layout_loops_ring, nicolae_yredelemnul_corpse_copse,
          chequers_serial_rivers_micro_a, minmay_misc_feat_plants
D:4:      layout_basic, serial_shops, kennysheep_mini_moat
D:5:      layout_layer_cave, minmay_temple_entry_large_hall, serial_shops,
          nicolae_square_shop, shop_statue
D:6:      layout_loops_ring, gammafunk_ghost_arena, minmay_chambers_of_fives,
          uniq_duvessa, uniq_pikel
D:7:      layout_basic, ashenzari_altar_1, minmay_misc_feat_hallway,
          minmay_fire_ice_demons
Temple:   nicolae_temple_elliptical

Skill      XL: |  1  2  3  4  5  6  7  8  9 |
---------------+----------------------------+-----
Spellcasting   | 4 6 7 8 |  8.2
Conjurations   | 5 6 7 10 12 | 12.9
Hexes          | 1 2 4 5 |  5.2
Translocations | 1 2 3 4 |  4.3
Dodging        | |  2.4
Stealth        | |  2.4

Action                   |  1- 3 |  4- 6 |  7- 9 || total
-------------------------+-------+-------+-------++-------
Melee: Staff             |       |       |     2 ||     2
 Cast: Magic Dart        |    76 |    71 |    82 ||   229
       Searing Ray       |       |     7 |    31 ||    38
       Fulminant Prism   |       |       |     6 ||     6
       Iskenderun's Myst |       |       |     6 ||     6
  Use: Scroll            |       |       |     2 ||     2
       Potion            |       |       |     1 ||     1
Armor: Robe              |     2 |     5 |     6 ||    13
Dodge: Dodged            |     4 |     8 |    25 ||    37
